 Dungeon Crawl Stone Soup version 0.28-a0-297-g99b01970c5 (webtiles) character file.

Game seed: 9709871941590108700

40 Hastur the Charlatan (level 3, -1/28 HPs)
             Began as a Demonspawn Artificer on Aug 29, 2021.
             Slain by Terence (8 damage)
             ... on level 2 of the Dungeon.
             The game lasted 00:08:55 (2107 turns).

Hastur the Charlatan (Demonspawn Artificer)         Turns: 2107, Time: 00:08:55

Health: -1/28      AC:  4    Str: 13    XL:     3   Next: 30%
Magic:  3/3        EV: 11    Int: 14    God:
Gold:   37         SH:  0    Dex: 13    Spells: 2/2 levels left

rFire   . . .      SeeInvis .   l - +0 dagger
rCold   . . .      Faith    .   (no shield)
rNeg    . . .      Spirit   .   b - +0 leather armour
rPois   .          Reflect  .   (no helmet)
rElec   .          Harm     .   (no cloak)
rCorr   .          Rampage  .   (no gloves)
Will    .....                   g - +0 pair of boots
Stlth   ++........              (no amulet)
HPRegen 0.09/turn               (no ring)
MPRegen 0.08/turn               (no ring)

@: no status effects
A: ignite blood 1, big brain 1
a: no special abilities


You were on level 2 of the Dungeon.
You visited 1 branch of the dungeon, and saw 2 of its levels.

You collected 37 gold pieces.

Inventory:

Hand Weapons
 a - a +0 club
 l - a +0 dagger (weapon)
   (You took it off an orc on level 2 of the Dungeon)
Missiles
 c - 45 stones
 j - 13 atropa-tipped darts
Armour
 b - a +0 leather armour (worn)
 g - a +0 pair of boots (worn)
   (You found it on level 1 of the Dungeon)
Wands
 d - a wand of charming (11) (quivered)
 t - a wand of flame (13)
Scrolls
 f - a scroll of blinking {unknown}
 i - a scroll of holy word {unknown}
 m - a scroll of enchant weapon {unknown}
Potions
 h - 2 potions of curing {unknown}
 k - a potion of mutation {unknown}
Miscellaneous
 e - a piece from Xom's chessboard (15/15)


   Skills:
 + Level 2.6 Fighting
 - Level 1.7 Armour
 - Level 1.0 Dodging
 - Level 2.0 Stealth
 - Level 3.0 Evocations


You had 2 spell levels left.
You didn't know any spells.
Your spell library contained the following spells:

 Spells                   Type           Power      Damage    Failure   Level
 Fireball                 Conj/Fire      0%         3d3       100%        5
 Iskenderun's Battlesphe  Conj           0%         2d6       100%        5
 Conjure Ball Lightning   Conj/Air       0%         3x3d6     100%        6
 Orb of Destruction       Conj           0%         N/A       100%        7


Dungeon Overview and Level Annotations

Branches:
Dungeon (2/15)

Altars:

Annotations:
D:2 Terence


Innate Abilities, Weirdness & Mutations

Your demonic aura sometimes causes spilled blood to erupt in flames.
You have an unusually large brain. (Int +2)


Message History

You start resting.
You see here a +0 leather armour.
You see here a +0 leather armour.
You see here a +0 leather armour.
Aim: a worm (chance to affect: 63%)
Okay, then.
Unknown command.
Terence shouts!
You hear an angry hiss.
You hear a shout!
There are monsters nearby!
Aim: a worm (chance to affect: 63%)
Okay, then.
Terence barely misses you.
A hobgoblin comes into view.
Aim: a worm (chance to affect: 63%)
The worm resists with significant effort.
Terence says, "Don't bother to defend, it's pointless."
Terence closely misses you.
Aim: a worm (chance to affect: 63%)
The worm is charmed.
Terence hits you but does no damage.
Your worm bites Terence.
You closely miss Terence. Terence misses you.
You hit Terence but do no damage. Terence barely misses you.
Your worm bites Terence but does no damage.
You closely miss Terence. The hobgoblin hits your worm.
Terence hits you with a +0 short sword!
Your worm bites the hobgoblin!
The hobgoblin dies!
You hit Terence but do no damage. Terence screams, "I want your blood!"
Terence barely misses you.
You closely miss Terence. Terence barely misses you.
Your worm barely misses Terence.
You hit Terence but do no damage. Terence hits you but does no damage.
What are your orders? t - Shout!
Orders for allies: a - Attack new target. p - Attack previous target. r - Retreat! s - Stop attacking. g - Guard the area. f - Follow me.
Anything else - Cancel.
Gang up on whom?
Aim: Terence, wielding a +0 short sword and wearing a +0 chain mail (ally target) Attack!
Terence barely misses you.
Your worm bites Terence.
You barely miss Terence. Terence hits you with a +0 short sword.
Your worm bites Terence.
Terence hits you with a +0 short sword.
* * * LOW HITPOINT WARNING * * *
You hit Terence but do no damage. Terence hits you with a +0 short sword.
* * * LOW HITPOINT WARNING * * *
Your worm bites Terence.
Terence hits you with a +0 short sword!
You die...

##............#..
#.................###
#...................<
#................####
#....................
#.†..............####
#.w....#.####.#.##
#..@...#.# #.#.#
#...@..#.####.#.#
#.###...........####
... #.[............#
..... #..........###.#
.......
##.###########.#
.......
#.............#
#........#
###############
##).......#
#.........############


You could see Terence (ally target) and a friendly worm (charmed).

Vanquished Creatures
  An adder (D:2)
  A worm (D:2)
  A dart slug (D:1)
  An orc (D:2)
  3 ball pythons
  4 endoplasms
  A giant cockroach (D:1)
  2 hobgoblins
  A quokka (D:2)
  4 bats
  A frilled lizard (D:1)
  4 rats
24 creatures vanquished.

Vanquished Creatures (collateral kills)
  A goblin (D:1)
  2 hobgoblins (D:2)
3 creatures vanquished.

Vanquished Creatures (others)
  2 ball pythons
2 creatures vanquished.

Grand Total: 29 creatures vanquished

Notes
Turn   | Place    | Note
-------+----------+-------------------------------------------
     0 | D:1      | Hastur the Demonspawn Artificer began the quest for the
                  | Orb.
     0 | D:1      | Reached XP level 1. HP: 15/15 MP: 1/1
    18 | D:1      | Reached skill level 1 in Stealth
   274 | D:1      | Found a faded altar of an unknown god.
   523 | D:1      | Reached skill level 1 in Dodging
   523 | D:1      | Gained mutation: Your demonic aura sometimes causes spilled
                  | blood to erupt in flames. [demonic ancestry]
   523 | D:1      | Reached XP level 2. HP: 21/21 MP: 2/2
  1416 | D:2      | Noticed a scorpion
  1528 | D:2      | Gained mutation: You have an unusually large brain. (Int
                  | +2) [demonic ancestry]
  1528 | D:2      | Reached XP level 3. HP: 27/27 MP: 3/3
  1999 | D:2      | Noticed Terence
  2107 | D:2      | Slain by Terence

Illustrated notes

Levels and vault maps discovered:
D:1:      wander_arrival_lonely_grave, layout_basic,
          dreamdust_ecumenical_altar_grove, serial_curves, eino_curves_04,
          eino_curves_01
D:2:      layout_basic, uniq_terence

Skill      XL: |  1  2 |
---------------+-------+-----
Stealth        | 2 |  2.0
Dodging        | 1 |  1.0
Fighting       | 2 |  2.6
Armour         | |  1.7
Evocations     | |  3.0

Action                   || total
-------------------------++-------
Melee: Club              ||    72
       Dagger            ||    54
Evoke: Wand              ||     6
 Stab: Sleeping          ||     2
Armor: Leather armour    ||    40
Dodge: Dodged            ||    94

Table legend: (Time is in decaauts)
 A = Elapsed time spent in this place.
 B = Non-inter-level travel time spent in this place.
 C = Inter-level travel time spent in this place.
 D = Time resting spent in this place.
 E = Time spent auto-exploring this place.
 F = Levels seen in this place.
 G = Mean time per level.
                   A        B        C        D        E       F      G
               +--------+--------+--------+--------+--------+-----+--------+
         Total |   2129 |   1957 |    172 |    615 |    581 |   2 | 1064.5 |
       Dungeon |   2129 |   1957 |    172 |    615 |    581 |   2 | 1064.5 |
               +--------+--------+--------+--------+--------+-----+--------+

Top non-repeatable levels by time:
     D:1: 1172 daAuts
     D:2: 957 daAuts
